 Dungeon Crawl Stone Soup version 0.16.2-12-gd0ad4c3 (webtiles) character file.

376 faibistes the Magician (level 6, -1/32 HPs)
             Began as a Deep Elf Wizard on Mar 26, 2018.
             Killed by divine providence
             ... invoked by an orc priest
              (15 damage)
             ... on level 3 of the Dungeon.
             The game lasted 00:12:15 (4136 turns).

faibistes the Magician (Deep Elf Wizard)            Turns: 4136, Time: 00:12:15

Health: -1/32      AC:  3    Str:  4    XL:     6   Next: 44%
Magic:  5/23       EV: 13    Int: 25    God:
Gold:   170        SH:  0    Dex: 13    Spells: 6 memorised, 6 levels left

rFire  . . .     SeeInvis .     g - +0 dagger
rCold  . . .     Clarity  .     a - +0 robe
rNeg   . . .     SustAb   .     (no shield)
rPois  .         Gourm    .     b - +0 hat
rElec  .         Spirit   .     (no cloak)
rCorr  .         Warding  .     (no gloves)
rMut   .         Stasis   .     q - +0 pair of boots
MR     .....                    (no amulet)
Stlth  ++........               (no ring)
                                (no ring)

@: not resistant to hostile enchantments, unstealthy
A: no striking features
a: no special abilities


You were on level 3 of the Dungeon.
You were not hungry.

You visited 1 branch of the dungeon, and saw 5 of its levels.

You collected 170 gold pieces.

Inventory:

Hand weapons
 g - a +0 dagger (weapon)
 h - a +0 club
 n - a +0 short sword
Armour
 a - a +0 robe (worn)
 b - a +0 hat (worn)
 q - a +0 pair of boots (worn)
Jewellery
 w - an uncursed amulet of stasis
Scrolls
 l - a scroll of magic mapping {unknown}
 m - a scroll of teleportation {unknown}
 p - a scroll of blinking {unknown}
 u - a scroll of random uselessness {unknown}
 v - a scroll of noise {unknown}
Potions
 e - 2 potions of flight
 f - 2 potions of heal wounds
 j - 3 potions of curing
 k - 2 potions of magic
 r - a potion of haste {unknown}
 s - a potion of experience {unknown}
 x - a potion of restore abilities {unknown}
 z - a potion of agility {unknown}
 A - a potion of beneficial mutation {unknown}
Books
 c - a book of Minor Magic

   Spells                             Type                      Level
   a - Magic Dart                     Conjuration                  1
   b - Blink                          Translocation                2
   c - Call Imp                       Summoning                    2
   d - Repel Missiles                 Charms/Air                   2
   e - Slow                           Hexes                        2
   f - Conjure Flame                  Conjuration/Fire             3
   g - Mephitic Cloud                 Conjuration/Poison/Air       3
Comestibles
 d - 4 bread rations
 i - 2 meat rations
 o - a slice of pizza
 t - a beef jerky
 B - 2 chunks of flesh


   Skills:
 + Level 4.0 Dodging
 - Level 2.4 Stealth
 * Level 7.1 Spellcasting
 - Level 4.3 Conjurations
 - Level 1.1 Summonings
 * Level 2.0 Translocations


You had 6 spell levels left.
You knew the following spells:

 Your Spells              Type           Power        Failure   Level  Hunger
a - Magic Dart            Conj           ####         1%          1    None
b - Conjure Flame         Conj/Fire      ###.....     12%         3    None
c - Call Imp              Summ           ##......     10%         2    None
d - Blink                 Tloc           N/A          6%          2    None
e - Mephitic Cloud        Conj/Pois/Air  ###.....     12%         3    None
f - Repel Missiles        Chrm/Air       #.....       12%         2    None


Dungeon Overview and Level Annotations

Branches:
Dungeon (5/15)
 Temple: D:4-7

Altars:
Trog


Message History

You hit the orc wizard but do no damage.
The orc wizard is moderately wounded.
You catch the helpless orc wizard completely off-guard!
You hit the orc wizard.
The orc wizard is severely wounded.
You hit the orc wizard.
You kill the orc wizard!
Your Dodging skill increases to level 4!
Your Translocations skill increases to level 2!
Things that are here:
a dagger; a robe You start resting.
Your magical contamination has completely faded away.
Casting: Mephitic Cloud
Confirm with . or Enter, or press ? or * to list all spells.
Okay, then.
You start resting.
The orc priest calls down the wrath of Beogh upon you.
Something smites you!
You die...

. .# .# .# .# .# .#
#########.#
##########..@)..[).#
#..........#######o#
#.########## .# #.#
). #.# .#. #.# .#o#
#.# .# . ###.# .# .
##...## #


You could see an orc priest.

Vanquished Creatures
  Sigmund (D:3)
  An orc priest (D:5)
  2 hounds (D:2)
  2 orc wizards
  Natasha (twice) (D:3)
  A gnoll (D:2)
  6 adders
  3 worms
  An ooze (D:1)
  5 orcs
  3 ball pythons
  6 bats
  3 giant cockroaches
  9 hobgoblins
  6 kobolds
  5 quokkas
  2 giant geckos (D:1)
  3 giant newts
  7 goblins
  6 rats
74 creatures vanquished.

Vanquished Creatures (collateral kills)
  An adder (D:2)
  A hobgoblin (D:2)
2 creatures vanquished.

Vanquished Creatures (others)
  A crimson imp (D:2)
1 creature vanquished.

Grand Total: 77 creatures vanquished

Notes
Turn   | Place    | Note
--------------------------------------------------------------
     0 | D:1      | faibistes, the Deep Elf Wizard, began the quest for the Orb.
     0 | D:1      | Reached XP level 1. HP: 10/10 MP: 6/6
   389 | D:1      | Reached XP level 2. HP: 10/15 MP: 0/10
   393 | D:1      | Learned a level 2 spell: Blink
   396 | D:1      | Learned a level 2 spell: Call Imp
   951 | D:2      | Reached skill level 5 in Spellcasting
   951 | D:2      | Reached XP level 3. HP: 16/19 MP: 7/14
  1037 | D:2      | Learned a level 3 spell: Conjure Flame
  1041 | D:2      | Learned a level 3 spell: Mephitic Cloud
  1974 | D:2      | Reached XP level 4. HP: 24/24 MP: 15/17
  1978 | D:2      | Learned a level 2 spell: Repel Missiles
  2008 | D:2      | Found a bloodstained altar of Trog.
  2423 | D:2      | Noticed a hound
  2423 | D:2      | Noticed a hound
  2536 | D:2      | Killed a hound
  2664 | D:2      | Killed a hound
  2664 | D:2      | Reached skill level 6 in Spellcasting
  2664 | D:2      | Reached XP level 5. HP: 28/28 MP: 14/20
  2776 | D:3      | Noticed Natasha
  2785 | D:3      | Killed Natasha
  2960 | D:5      | Entered Level 5 of the Dungeon
  3533 | D:3      | Noticed Natasha
  3535 | D:3      | Killed Natasha
  3612 | D:3      | Reached XP level 6. HP: 29/32 MP: 16/22
  4059 | D:3      | Noticed Sigmund
  4091 | D:3      | Killed Sigmund
  4091 | D:3      | Reached skill level 7 in Spellcasting
  4136 | D:3      | Killed from afar by an orc priest

Action                   |  1- 3 |  4- 6 || total
-------------------------+-------+-------++-------
Melee: Club              |     2 |       ||     2
       Dagger            |       |    21 ||    21
 Cast: Magic Dart        |    96 |    83 ||   179
       Call Imp          |     2 |     3 ||     5
       Mephitic Cloud    |     1 |    11 ||    12
       Conjure Flame     |     1 |     2 ||     3
       Blink             |       |     2 ||     2
       Repel Missiles    |       |     1 ||     1
  Use: Scroll            |     4 |       ||     4
       Potion            |       |     1 ||     1
 Stab: Confused          |       |     1 ||     1
  Eat: Chunk             |     3 |     7 ||    10
